 Dungeon Crawl Stone Soup version 0.31.0-32-g396128a36d (webtiles) character file.

Game seed: 1017889585231030264

4200 KittyFluff the Mimic (level 10, -21/144 HPs)
             Began as a Troll Shapeshifter on Apr 12, 2024.
             Demolished by a death yak (25 damage)
             ... on level 8 of the Dungeon.
             The game lasted 00:25:36 (5261 turns).

KittyFluff the Mimic (Troll Shapeshifter)           Turns: 5261, Time: 00:25:37

Health: -21/144    AC:  4    Str: 28    XL:     10   Next: 8%
Magic:  9/9        EV: 11    Int:  6    God:
Gold:   491        SH:  0    Dex:  9    Spells: 9/9 levels left

rFire   + .          .
                       - Unarmed
rCold   . . .        (no shield)
rNeg    + . .        O - +0 robe of Liberty {rF+}
rPois   .            (helmet currently unavailable)
rElec   .            (cloak currently unavailable)
rCorr   .            (gloves unavailable)
SInv    .            (boots unavailable)
Will    .....        (no amulet) Stlth
                     r - ring of positive energy
HPRegen 1.24/turn    (no ring)
MPRegen 0.11/turn

%: no passive effects
@: berserking, beast-form, very quick
A: beast (slay +4), large, unfitting armour, claws 3, regeneration 1, shaggy fur
1, tough skin 1
a: Begin Untransformation


You were on level 8 of the Dungeon.
You were a hulking beast.
You visited 2 branches of the dungeon, and saw 9 of its levels.

You collected 491 gold pieces.

Inventory:

Hand Weapons
 a - a +2 scythe of flaming
 b - a +3 trident of draining
 e - a +0 mace
 h - a +0 whip
 m - a +0 sling
 n - a +0 quarterstaff
 o - a +2 hand axe of electrocution
 p - a +3 hand axe of draining
 q - the +10 falchion "Busch" {holy, rC++}
   (You found it on level 3 of the Dungeon)

   rC++:      It greatly protects you from cold.
 u - a +0 trident
 J - a +0 morningstar of venom
Missiles
 t - a boomerang (quivered)
 z - 57 stones
 I - 11 poisoned darts
Armour
 f - an orb of guile
 K - a +0 buckler
 O - the +0 robe of Liberty (worn) {rF+}
   (You took it off a gnoll bouda on level 7 of the Dungeon)

   rF+:       It protects you from fire.
Magical Staves
 k - a staff of conjuration
Jewellery
 r - a ring of positive energy (left claw)
Talismans
 c - a beast talisman
 d - a flux talisman
 N - a blade talisman
Wands
 B - a wand of polymorph (3)
 E - a wand of flame (20)
 L - a wand of charming (3)
Scrolls
 j - a scroll of immolation {unknown}
 l - a scroll of blinking {unknown}
 s - 3 scrolls of noise {unknown}
 v - a scroll of fog {unknown}
 w - a scroll of teleportation {unknown}
 x - 2 scrolls of fear {unknown}
 y - a scroll of acquirement {unknown}
 A - a scroll of brand weapon {unknown}
 C - a scroll of torment {unknown}
 D - 2 scrolls of poison {unknown}
 M - a scroll of amnesia
 Q - a scroll of silence {unknown}
Potions
 i - a potion of attraction
 F - 2 potions of lignification
 G - a potion of curing
 H - 3 potions of mutation
 P - a potion of enlightenment {unknown}


   Skills:
 + Level 5.0 Fighting
 + Level 5.1 Throwing
 + Level 1.0 Armour
 + Level 5.1 Dodging
 + Level 6.5 Unarmed Combat
 * Level 8.4 Shapeshifting


You had 9 spell levels left.
You didn't know any spells.
Your spell library contained the following spells:

 Spells                   Type           Power      Damage    Failure   Level
 Apportation              Tloc           0%         N/A       45%         1
 Necrotise                Necr           0%         1d4       45%         1
 Sting                    Conj/Alch      0%         1d3       45%         1
 Summon Small Mammal      Summ           0%         N/A       45%         1
 Stone Arrow              Conj/Erth      0%         3d7       83%         3
 Animate Armour           Summ/Erth      0%         N/A       99%         4
 Summon Lightning Spire   Summ/Air       0%         N/A       99%         4
 Lee's Rapid Deconstruct  Erth           0%         3d4*      100%        5
 Lehudib's Crystal Spear  Conj/Erth      0%         10d2      100%        8


Dungeon Overview and Level Annotations

Branches:
Dungeon (8/15)             Temple (1/1) D:7
   Lair: D:8-11

Altars:
Ashenzari
Dithmenos
Elyvilon
Fedhas
Hepliaklqana
Kikubaaqudgha
Makhleb
Nemelex Xobeh
Okawaru
Qazlal
Ru
Sif Muna
Uskayaw
Vehumet
Wu Jian
Xom
Yredelemnul
The Shining One

Shops:
D:2 (((


Innate Abilities, Weirdness & Mutations

You are a hulking beast.
Your limbs bulge with bestial killing power. (Slay +4)
You are too large for most types of armour.
You have claws for hands.
Your natural rate of healing is unusually fast.
You are covered in fur. (AC +1)
You have tough skin. (AC +1)


Message History

Aim: a death yak (moderately wounded, 79% to hit)
You throw a boomerang.
The boomerang barely misses the death yak.
You scratch the death yak but do no damage.
The death yak is lightly wounded.
The death yak gores you!
You scratch the death yak.
The death yak is moderately wounded.
The death yak barely misses you.
A death yak comes into view.
The death yak bellows!
The hell rat roars deafeningly!
You claw the death yak!
The death yak is heavily wounded.
The death yak gores you!!
Aiming: Charm
Press: ? - help, Shift-Dir - straight line, f/p - death yak
Aim: a death yak (heavily wounded, chance to affect: 1%)
The death yak resists with almost no effort.
The death yak gores you!!
You claw the death yak!
The death yak is heavily wounded.
The death yak gores you.
You claw the death yak!
The death yak is severely wounded.
The death yak gores you!
* * * LOW HITPOINT WARNING * * *
A quokka comes into view.
A rat comes into view.
A red film seems to cover your vision as you go berserk!
You feel yourself moving faster!
You feel mighty!
The rat squeaks loudly.
The death yak gores you!!
* * * LOW HITPOINT WARNING * * *
You mangle the death yak!!
You kill the death yak!
Your Fighting skill increases to level 5!
Your Armour skill increases to level 1!
You have reached level 10!
You scratch the death yak but do no damage.
The death yak gores you!!
You die...

.# #........)...Y.#
.#######.....#.......##
......##.............#..>
####.#.#...>.#.#r.........
###.###......#.#r#####....
...## ##....##.#Y# #....
###.# #.##..##.#r# #...
..##.#.# #..##.#Y# #.# ..#
#.# #..##.#h# .# ..#
#.####..##.#.# .##
...##..##.#.#
.######.##..##.#.#
.#..........##.#.#
.................#
............##.###
...............#
........########


You could see 2 death yaks, a hell rat, a quokka and a rat.

Vanquished Creatures
  A death yak (D:8)
  Jeremiah (D:6)
  Grinder (D:3)
  Sigmund (D:2)
  A wyvern (D:7)
  6 yaks (D:6)
  2 water moccasins
  2 ice beasts
  2 black bears
  2 ogres
  2 phantoms
  A kobold brigand (D:6)
  3 scorpions
  A bullfrog (D:8)
  A howler monkey (D:8)
  2 orc priests (D:4)
  2 hounds
  4 iguanas
  2 jellies
  A gnoll bouda (D:7)
  2 sleepcaps
  Natasha (twice) (D:3)
  Terence (D:3)
  An orc wizard (D:8)
  6 gnolls
  7 adders
  2 shadow imps (D:6)
  4 white imps
  2 ufetubi (D:7)
  3 ribbon worms
  15 orcs
  11 ball pythons
  2 bat skeletons (D:2)
  5 endoplasms
  12 giant cockroaches
  3 goblins
  3 hobgoblins
  8 jackals
  15 kobolds
  A quokka (D:4)
  A ball python skeleton (D:2)
  A ball python zombie (D:2)
  5 bats
  3 frilled lizards
  A quokka skeleton (D:2)
  2 rats
156 creatures vanquished.

Notes
Turn   | Place    | Note
-------+----------+-------------------------------------------
     0 | D:1      | KittyFluff the Troll Shapeshifter began the quest for the
                  | Orb.
     0 | D:1      | Reached XP level 1. HP: 18/18 MP: 0/0
   257 | D:1      | Found a faded altar of an unknown god.
   414 | D:1      | Reached skill level 1 in Fighting
   416 | D:1      | Reached XP level 2. HP: 27/27 MP: 1/1
   665 | D:2      | Found Eticoruv's Antique Weapon Shop.
   833 | D:2      | Reached XP level 3. HP: 33/33 MP: 2/2
   854 | D:2      | Found Lair's Antique Weapon Shop.
   883 | D:2      | Found Gaiz's Weapon Shop.
  1083 | D:2      | Noticed Sigmund
  1095 | D:2      | Killed Sigmund
  1096 | D:2      | Reached skill level 1 in Throwing
  1096 | D:2      | Reached skill level 4 in Shapeshifting
  1096 | D:2      | Reached XP level 4. HP: 29/42 MP: 3/3
  1096 | D:2      | Reached XP level 5. HP: 33/49 MP: 4/4
  1332 | D:3      | Noticed Grinder
  1337 | D:3      | Paralysed by Grinder for 4 turns
  1356 | D:3      | Paralysed by Grinder for 2 turns
  1366 | D:3      | Paralysed by Grinder for 5 turns
  1379 | D:3      | Killed Grinder
  1380 | D:3      | Reached XP level 6. HP: 42/58 MP: 5/5
  1655 | D:3      | Noticed Terence
  1671 | D:3      | Killed Terence
  1672 | D:3      | Reached skill level 5 in Shapeshifting
  1672 | D:3      | Reached XP level 7. HP: 50/62 MP: 6/6
  1728 | D:3      | Identified the +10 falchion "Busch" {holy, rC++}
  1833 | D:3      | Noticed Natasha
  1838 | D:3      | Killed Natasha
  1965 | D:3      | Noticed Natasha
  1976 | D:3      | Killed Natasha
  2112 | D:3      | Found an iron altar of Okawaru.
  2112 | D:3      | Found a hazy altar of Hepliaklqana.
  2112 | D:3      | Found a basalt altar of Yredelemnul.
  2421 | D:4      | Identified the +5 chain mail "Akhloej Yphug" {rCorr Slay+3}
  2501 | D:4      | Found a faded altar of an unknown god.
  2501 | D:4      | Found a burning altar of Makhleb.
  2508 | D:4      | Found a shimmering blue altar of Sif Muna.
  2510 | D:4      | Found a shadowy altar of Dithmenos.
  2512 | D:4      | Found a faded altar of an unknown god.
  2650 | D:4      | Found a radiant altar of Vehumet.
  2737 | D:5      | Entered Level 5 of the Dungeon
  2788 | D:5      | Reached XP level 8. HP: 67/75 MP: 7/7
  3190 | D:5      | Reached skill level 6 in Shapeshifting
  3574 | D:6      | Reached skill level 5 in Unarmed Combat
  3684 | D:6      | Noticed Jeremiah
  3707 | D:6      | Killed Jeremiah
  3928 | D:6      | Reached skill level 7 in Shapeshifting
  3928 | D:6      | Reached XP level 9. HP: 65/84 MP: 8/8
  4251 | D:6      | Found a hide-covered altar of Uskayaw.
  4318 | D:7      | Found a staircase to the Ecumenical Temple.
  4348 | Temple   | Entered the Ecumenical Temple
  4686 | D:7      | Identified the +0 robe of Liberty {rF+}
  4753 | D:7      | Reached skill level 8 in Shapeshifting
  4969 | D:8      | Found a transporter.
  5116 | D:8      | Found a blossoming altar of Fedhas.
  5184 | D:8      | Reached skill level 5 in Throwing
  5188 | D:8      | Reached skill level 5 in Dodging
  5239 | D:8      | Noticed a death yak
  5240 | D:8      | Noticed a death yak
  5254 | D:8      | Noticed a death yak
  5259 | D:8      | HP: 2/130 [death yak (28)]
  5260 | D:8      | Killed a death yak
  5261 | D:8      | Reached skill level 5 in Fighting
  5261 | D:8      | Reached skill level 1 in Armour
  5261 | D:8      | Reached XP level 10. HP: 3/96 MP: 9/9
  5261 | D:8      | Demolished by a death yak

Illustrated notes

Levels and vault maps discovered:
D:1:      minmay_arrival_plants_in_alcoves, layout_basic,
          ebering_ecumenical_altar_rust, minivault_26,
          minmay_misc_feat_more_columns, minmay_strange_pillars,
          serial_park_tiny_pond
D:2:      layout_loops_ring, serial_shops, shop,
          nicolae_shop_bloodbath_and_beyond, shop, serial_undead,
          serial_undead_a, serial_undead_c, serial_undead_d, serial_undead_d,
          uniq_sigmund
D:3:      minmay_roachtagon, layout_loops_cross,
          gammafunk_temple_overflow_forgotten, reono_crystal_passage,
          uniq_grinder, uniq_terence, uniq_natasha
D:4:      layout_basic, vehumet_crystals, chequers_temple_overflow_minitemple
D:5:      layout_basic, serial_library_hellmonk_semicircle
D:6:      layout_loops_ring, nicolae_uskayaw_suspiria, uniq_jeremiah
D:7:      layout_basic, minmay_temple_entry_mini_moons
D:8:      layout_loops_ring, kennysheep_slug_shrine, fedhas_altar_2,
          dpeg_lair_monsters, nicolae_diode_basic
Temple:   nicolae_temple_ecumenical_triangle

Skill      XL: |  1  2  3  4  5  6  7  8  9 |
---------------+----------------------------+-----
Fighting       | 1 2 3 4 5 |  5.0
Throwing       | 1 2 3 4 5 |  5.1
Dodging        | 2 3 4 5 |  5.1
Shapeshifting  | 4 5 7 8 |  8.4
Unarmed Combat | 4 5 6 |  6.5
Armour         | 1 |  1.0

Action                     |  1- 3 |  4- 6 |  7- 9 | 10-12 || total
---------------------------+-------+-------+-------+-------++-------
  Melee: Unarmed           |    62 |    57 |   290 |     1 ||   410
         Punch             |     1 |     1 |    11 |       ||    13
  Throw: Stone             |       |     2 |       |       ||     2
         Boomerang         |       |       |     2 |       ||     2
  Evoke: Wand              |       |       |     1 |       ||     1
    Use: Potion            |       |     1 |     2 |       ||     3
         Scroll            |       |       |     6 |       ||     6
   Stab: Sleeping          |     1 |       |       |       ||     1
 Armour: Animal skin       |    43 |     1 |       |       ||    44
         Robe              |       |    26 |   161 |     1 ||   188
         Skin              |       |     3 |       |       ||     3
  Dodge: Dodged            |    25 |    24 |   112 |       ||   161
